[Event "December 5 Late 2023"]
[Site "https://www.chess.com"]
[Date "2023.12.05"]
[Round "5"]
[White "Nepomniachtchi, Ian"]
[Black "Drozdowski, Kacper"]
[Result "1/2-1/2"]
[Board "5"]
[TimeControl "180+1"]
[WhiteFideId "4168119"]
[BlackFideId "1136720"]
[WhiteElo "3112"]
[BlackElo "2982"]
[WhiteTeam "RUS"]
[BlackTeam "POL"]
[WhiteClock "0:00:17"]
[BlackClock "0:00:11"]

1. e4 c5 2. Nf3 e6 3. d4 cxd4 4. Nxd4 Nc6 5. Nc3 Qc7 6. g3 a6 7. Bg2 Nf6 8. O-O Bb4 9. Nxc6 bxc6 10. Bf4 e5 11. Bg5 Be7 12. Na4 O-O 13. c4 d6 14. Rc1 Be6 15. b4 Rab8 16. a3 Rfd8 17. Qe2 h6 18. Bxf6 Bxf6 19. c5 d5 20. exd5 cxd5 21. Qxa6 Ra8 22. Qb6 Qe7 23. Qb5 e4 24. Rfd1 Bg5 25. Rb1 e3 26. fxe3 Bxe3+ 27. Kh1 Bf5 28. Nb6 Bxb1 29. Rxb1 Rxa3 30. Nxd5 Qe5 31. Rd1 Ra1 32. Qd3 Rxd1+ 33. Qxd1 Bd4 34. Nf4 Re8 35. Nd3 Qe2 36. Qxe2 Rxe2 37. c6 Bb6 38. b5 Rd2 39. Bf1 Kf8 40. Ne5 Rd1 41. Kg2 Ke7 42. Nc4 Bd8 43. b6 Rb1 44. c7 Bxc7 45. bxc7 Kd7 46. Ne5+ Kxc7 47. Nxf7 Kd7 48. Ne5+ Ke6 49. Nd3 Ra1 50. Be2 Kd5 51. Kf3 Ke6 52. Nf4+ Kf6 53. Bd3 g5 54. Ne2 Ra3 55. Ke3 Ke5 56. Ng1 Kf6 57. Nf3 Ra2 58. Be2 Ra3+ 59. Kf2 Ra2 60. g4 Ra3 61. Nd4 Ra4 62. Nc2 Rf4+ 63. Kg3 Re4 64. Bf3 Rc4 65. Ne3 Ra4 66. h3 Ra3 67. Kf2 Ra2+ 68. Be2 Ra3 69. Kf3 Rb3 70. Ke4 Rb4+ 71. Bc4 Ra4 72. Nd5+ Kg7 73. Kd4 Ra3 74. Bd3 Ra4+ 75. Ke5 Ra3 76. Ke4 Ra4+ 77. Ke3 Ra3 78. Ne7 Kf6 79. Nd5+ Kg7 80. Nb4 Ra4 81. Nc6 Ra3 82. Nd4 Kf6 83. Nf5 h5 84. Ng3 hxg4 85. hxg4 Kg7 86. Ne4 Kh6 87. Kd4 Ra4+ 88. Bc4 Ra1 89. Ke5 Ra5+ 90. Bd5 Kg6 91. Nd6 Ra1 92. Be4+ Kg7 93. Kf5 Ra5+ 94. Ke6 Ra6 95. Ke5 Ra5+ 96. Bd5 Kg6 97. Nf5 Ra1 98. Be4 Ra5+ 99. Ke6 Ra6+ 100. Ke7 Ra7+ 101. Kf8 Kf6 102. Kg8 Ra4 103. Bf3 Rf4 104. Bd1 Rxf5 105. gxf5 Kxf5 106. Kg7 g4 107. Bxg4+ 1/2-1/2

[Event "December 5 Late 2023"]
[Site "https://www.chess.com"]
[Date "2023.12.05"]
[Round "5"]
[White "Erigaisi Arjun"]
[Black "Zhigalko, Sergei"]
[Result "1/2-1/2"]
[Board "6"]
[TimeControl "180+1"]
[WhiteFideId "35009192"]
[BlackFideId "13502956"]
[WhiteElo "3109"]
[BlackElo "2928"]
[WhiteTeam "IND"]
[BlackTeam "BLR"]
[WhiteClock "0:01:15"]
[BlackClock "0:00:15"]

1. b3 e5 2. Bb2 Nc6 3. c4 Nf6 4. e3 g6 5. Nc3 Bg7 6. h3 O-O 7. d3 d5 8. cxd5 Nxd5 9. a3 e4 10. d4 Nxc3 11. Bxc3 Ne7 12. Qc2 Nd5 13. Bb2 c6 14. Bc4 Re8 15. Ne2 Qg5 16. Ng3 Nxe3 17. fxe3 Qxg3+ 18. Qf2 Qxf2+ 19. Kxf2 Be6 20. a4 f5 21. a5 Kf7 22. a6 b6 23. h4 Rad8 24. h5 g5 25. Rad1 Bxc4 26. bxc4 c5 27. Ke2 cxd4 28. Bxd4 Bxd4 29. Rxd4 Rxd4 30. exd4 f4 31. Rb1 Rc8 32. c5 bxc5 33. d5 c4 34. Rb7+ Kf6 35. d6 Ke6 36. d7 Rd8 37. Rxa7 c3 38. Rb7 c2 39. Kd2 f3 40. gxf3 exf3 41. Kxc2 f2 42. Rb1 g4 43. Kd3 Rxd7+ 44. Ke2 g3 45. Kf3 Rf7+ 46. Kg2 Kd5 47. Ra1 Ra7 48. Kxg3 Rxa6 49. Rf1 Ra3+ 50. Kg4 Ra4+ 51. Kg3 Ra2 52. Rxf2 Rxf2 53. Kxf2 Ke4 54. Kg3 Kf5 55. Kh4 h6 56. Kg3 Kg5 57. Kh3 Kxh5 58. Kh2 Kg5 59. Kh1 h5 60. Kh2 h4 61. Kh1 Kh5 62. Kh2 Kg4 63. Kh1 h3 64. Kh2 Kh4 65. Kh1 Kg3 66. Kg1 h2+ 67. Kh1 Kh3 1/2-1/2

[Event "December 5 Late 2023"]
[Site "https://www.chess.com"]
[Date "2023.12.05"]
[Round "5"]
[White "Nihal Sarin"]
[Black "Gokerkan, Cem Kaan"]
[Result "1-0"]
[Board "7"]
[TimeControl "180+1"]
[WhiteFideId "25092340"]
[BlackFideId "6336760"]
[WhiteElo "3097"]
[BlackElo "2876"]
[WhiteTeam "IND"]
[BlackTeam "TUR"]
[WhiteClock "0:02:07"]
[BlackClock "0:00:20"]

1. d4 Nf6 2. Nf3 d5 3. c4 e6 4. g3 Be7 5. Bg2 O-O 6. O-O dxc4 7. Qc2 a6 8. a4 Bd7 9. Rd1 Bc6 10. Bg5 Nbd7 11. Nbd2 b5 12. b3 h6 13. Bxf6 Nxf6 14. bxc4 bxc4 15. Nxc4 Be4 16. Qc1 Bd6 17. Nfe5 Bxg2 18. Kxg2 Nd7 19. Nc6 Qf6 20. e4 Qg6 21. Nxd6 Kh8 22. Ne7 Qg5 23. Qxg5 hxg5 24. Nc4 1-0

[Event "December 5 Late 2023"]
[Site "https://www.chess.com"]
[Date "2023.12.05"]
[Round "5"]
[White "Korchmar, Vasiliy"]
[Black "Bortnyk, Olexandr"]
[Result "1/2-1/2"]
[Board "8"]
[TimeControl "180+1"]
[WhiteFideId "24131750"]
[BlackFideId "14120828"]
[WhiteElo "2800"]
[BlackElo "3091"]
[WhiteTeam "RUS"]
[BlackTeam "UKR"]
[WhiteClock "0:01:21"]
[BlackClock "0:02:06"]

1. e4 Nf6 2. e5 Nd5 3. d4 d6 4. Nf3 dxe5 5. Nxe5 c6 6. c4 Nb4 7. Be3 Bf5 8. Na3 Nd7 9. Nf3 e5 10. Be2 e4 11. Nd2 Nd3+ 12. Bxd3 exd3 13. O-O Bxa3 14. bxa3 O-O 15. Nb3 Nb6 16. Rc1 Na4 17. Qd2 b6 18. Qb4 c5 19. Qxa4 Bd7 20. Qa6 Bc8 21. Qa4 Bd7 22. Qa6 Bc8 23. Qa4 Bd7 1/2-1/2

[Event "December 5 Late 2023"]
[Site "https://www.chess.com"]
[Date "2023.12.05"]
[Round "5"]
[White "Andreikin, Dmitry"]
[Black "Henriquez Villagra, Cristobal"]
[Result "1-0"]
[Board "9"]
[TimeControl "180+1"]
[WhiteFideId "4158814"]
[BlackFideId "3409350"]
[WhiteElo "3108"]
[BlackElo "2997"]
[WhiteTeam "FID"]
[BlackTeam "CHI"]
[WhiteClock "0:00:18"]
[BlackClock "0:00:03"]

1. Nf3 Nf6 2. c4 g6 3. b4 Bg7 4. Bb2 O-O 5. e3 d6 6. Be2 e5 7. d3 b6 8. O-O Bb7 9. Nfd2 Re8 10. Bf3 c6 11. b5 d5 12. Nc3 cxb5 13. Nxb5 Nc6 14. cxd5 Nxd5 15. Bxd5 Qxd5 16. Nc7 Qxd3 17. Nf3 Qf5 18. Nxa8 Bxa8 19. Rc1 e4 20. Nd4 Bxd4 21. Bxd4 Rd8 22. Rc4 Qe6 23. Qc1 b5 24. Rc5 Nxd4 25. exd4 Bd5 26. Rxb5 Bxa2 27. Re5 Qb6 28. Rxe4 Bd5 29. Rh4 Qf6 30. Qh6 Qg7 31. Qg5 f6 32. Qd2 Qb7 33. Rg4 f5 34. Rg3 Qb6 35. h4 Bc4 36. Rd1 a5 37. h5 a4 38. hxg6 hxg6 39. Qh6 Bf7 40. Rh3 Qf6 41. d5 Rxd5 42. Qh7+ Kf8 43. Rxd5 Bxd5 44. Qd7 Bc6 45. Qc8+ Ke7 46. Qc7+ Kf8 47. Rd3 Be8 48. Rd8 Qe7 49. Qb6 Qe1+ 50. Kh2 Qe7 51. Ra8 Kf7 52. Qb8 Bd7 53. Qg8+ Kf6 54. Qh8+ Kf7 55. Ra7 Qd6+ 56. g3 Qe7 57. Qh7+ Kf6 58. Rxd7 1-0

[Event "December 5 Late 2023"]
[Site "https://www.chess.com"]
[Date "2023.12.05"]
[Round "5"]
[White "Kovalev, Vladislav"]
[Black "Bluebaum, Matthias"]
[Result "1-0"]
[Board "10"]
[TimeControl "180+1"]
[WhiteFideId "13504398"]
[BlackFideId "24651516"]
[WhiteElo "2915"]
[BlackElo "3026"]
[WhiteTeam "FID"]
[BlackTeam "GER"]
[WhiteClock "0:00:08"]
[BlackClock "0:00:07"]

1. e4 e6 2. d4 d5 3. e5 c5 4. c3 Nc6 5. Nf3 Nge7 6. Na3 Bd7 7. Nc2 Qa5 8. dxc5 Ng6 9. b4 Qc7 10. Be2 Ncxe5 11. O-O Be7 12. Nxe5 Nxe5 13. Nd4 O-O 14. f4 Nc4 15. Bxc4 dxc4 16. Qe2 b6 17. cxb6 axb6 18. f5 e5 19. f6 Bxf6 20. Rxf6 gxf6 21. Nc2 Bf5 22. Bh6 Rfd8 23. Qf2 Qd7 24. Ne3 Qd3 25. Rf1 Kh8 26. Nxf5 Rg8 27. Nh4 f5 28. Nxf5 Rg6 29. Be3 Rag8 30. Nh4 R6g7 31. Bh6 Qe4 32. Bxg7+ Rxg7 33. Qf6 Qe3+ 34. Kh1 Qd3 35. Rg1 Kg8 36. Nf5 Rg6 37. Ne7+ Kf8 38. Nxg6+ hxg6 39. Qxe5 Qd2 40. Qd4 Qxa2 41. Qxb6 Qd2 42. Qd4 Qc2 43. Qxc4 Qb2 44. Qc5+ Kg8 45. Qd4 Qe2 46. h3 Qe6 47. b5 Qb3 48. b6 Qe6 49. b7 Qb3 50. Qd8+ Kg7 51. b8=Q 1-0

[Event "December 5 Late 2023"]
[Site "https://www.chess.com"]
[Date "2023.12.05"]
[Round "5"]
[White "Sarana, Alexey"]
[Black "Rasulov, Vugar"]
[Result "1-0"]
[Board "11"]
[TimeControl "180+1"]
[WhiteFideId "24133795"]
[BlackFideId "13402390"]
[WhiteElo "3003"]
[BlackElo "2913"]
[WhiteTeam "SRB"]
[BlackTeam "AZE"]
[WhiteClock "0:01:30"]
[BlackClock "0:00:13"]

1. d4 Nf6 2. c4 e6 3. Nc3 Bb4 4. e3 O-O 5. Bd3 c5 6. Ne2 cxd4 7. exd4 d5 8. c5 Nc6 9. O-O h6 10. a3 Bxc3 11. bxc3 e5 12. Re1 Re8 13. Rb1 Rb8 14. Bb5 Bd7 15. h3 Ne4 16. f3 Nf6 17. a4 a6 18. Bxc6 bxc6 19. Rxb8 Qxb8 20. dxe5 Qxe5 21. Bf4 Qe6 22. Bg3 Qf5 23. Nd4 Rxe1+ 24. Qxe1 Qd3 25. Be5 Ne8 26. a5 Qg6 27. Kh2 Kf8 28. Qe2 Qg5 29. Bg3 Qe7 30. Qxa6 Qxc5 31. Qb6 Qxb6 32. axb6 Bc8 33. Nxc6 Nf6 34. Na5 1-0

[Event "December 5 Late 2023"]
[Site "https://www.chess.com"]
[Date "2023.12.05"]
[Round "5"]
[White "Paravyan, David"]
[Black "Urazayev, Arystanbek"]
[Result "1-0"]
[Board "12"]
[TimeControl "180+1"]
[WhiteFideId "4194985"]
[BlackFideId "13709810"]
[WhiteElo "2999"]
[BlackElo "2781"]
[WhiteTeam "FID"]
[BlackTeam "KAZ"]
[WhiteClock "0:00:18"]
[BlackClock "0:00:02"]

1. e4 c6 2. Nf3 d5 3. Nc3 dxe4 4. Nxe4 Nf6 5. Qe2 Nxe4 6. Qxe4 Be6 7. Qf4 Nd7 8. Ng5 Bd5 9. c4 e5 10. Qg3 h6 11. cxd5 hxg5 12. dxc6 bxc6 13. Bc4 Bd6 14. Qf3 O-O 15. h4 e4 16. Qf5 g4 17. d4 Bb4+ 18. Kf1 Nb6 19. Bb3 Qxd4 20. Be3 Qxb2 21. Rd1 Nd5 22. h5 Nxe3+ 23. fxe3 Qf6 24. Qxf6 gxf6 25. Rd4 a5 26. Rxe4 f5 27. Rf4 a4 28. Bc2 Be7 29. Bxf5 Rab8 30. Rxg4+ Kh8 31. Rxa4 Rb2 32. h6 Bg5 33. h7 Bxe3 34. Rh3 Rf2+ 35. Ke1 Rxf5 36. Rxe3 Kxh7 37. Rg3 Rh5 38. Rc4 Re8+ 39. Kd2 Re6 40. a4 c5 41. a5 Ra6 42. Ra3 Rg5 43. g4 Kg7 44. Kc3 Rd5 45. Rca4 Re5 46. Kc4 Ra8 47. a6 Ra7 48. Kb5 Re6 49. Kxc5 Rg6 50. Kb5 Rf6 51. Rc4 Rg6 52. Raa4 Ra8 53. a7 Rf6 54. Rc6 Rf1 55. Ka6 Rb1 56. Rb6 Re1 57. Kb7 Ree8 58. Rc4 Rad8 59. Rc7 Re1 60. a8=Q Rxa8 61. Kxa8 Rf1 62. g5 Rf5 63. g6 Kh6 64. gxf7+ Kg7 65. f8=Q+ 1-0

[Event "December 5 Late 2023"]
[Site "https://www.chess.com"]
[Date "2023.12.05"]
[Round "5"]
[White "Miladinovic, Igor"]
[Black "Aronian, Levon"]
[Result "1/2-1/2"]
[Board "13"]
[TimeControl "180+1"]
[WhiteFideId "4203380"]
[BlackFideId "13300474"]
[WhiteElo "2815"]
[BlackElo "3105"]
[WhiteTeam "SRB"]
[BlackTeam "USA"]
[WhiteClock "0:00:16"]
[BlackClock "0:00:07"]

1. d4 Nf6 2. Bg5 d5 3. e3 c5 4. Bxf6 gxf6 5. dxc5 e6 6. c4 dxc4 7. Qa4+ Nc6 8. Nc3 Qa5 9. Qxc4 a6 10. Be2 Qxc5 11. Qh4 Qg5 12. Qg3 Qa5 13. Nf3 Bd7 14. O-O O-O-O 15. Ne4 Be7 16. Rfd1 Rhg8 17. Nd6+ Bxd6 18. Qxd6 Qb4 19. Qxb4 Nxb4 20. Rac1+ Kb8 21. a3 Nd5 22. Nd4 Ba4 23. b3 Bd7 24. Bf3 Ne7 25. g3 e5 26. Ne2 Be6 27. b4 Nd5 28. Rc5 Nb6 29. Rdc1 Rc8 30. Nc3 Nd7 31. Rxc8+ Rxc8 32. Ne2 Nb6 33. Rxc8+ Kxc8 34. Nc3 Nc4 35. a4 f5 36. Be2 Nd2 37. f4 e4 38. Kf2 Nb3 39. Ke1 a5 40. bxa5 Nxa5 41. Kd2 Kc7 42. Nb5+ Kb6 43. Kc3 Kc5 44. Nd4 Bd7 45. Bb5 Be6 46. Bf1 b6 47. Bh3 Nc6 48. Nxc6 Kxc6 49. Kb4 f6 50. Bf1 Bc8 51. Bb5+ Kd6 52. Kc4 h6 53. Kd4 Be6 54. Be8 Bb3 55. Bb5 Be6 56. Bc4 Bd7 57. Bb5 Be6 1/2-1/2

[Event "December 5 Late 2023"]
[Site "https://www.chess.com"]
[Date "2023.12.05"]
[Round "5"]
[White "Zeltsan, Joseph"]
[Black "Caruana, Fabiano"]
[Result "0-1"]
[Board "14"]
[TimeControl "180+1"]
[WhiteFideId "30932980"]
[BlackFideId "2020009"]
[WhiteElo "2712"]
[BlackElo "3072"]
[WhiteTeam "USA"]
[BlackTeam "USA"]
[WhiteClock "0:00:05"]
[BlackClock "0:00:41"]

1. e4 e6 2. d4 d5 3. Nc3 Bb4 4. e5 Qd7 5. Qg4 f5 6. Qg3 b6 7. h4 Ba6 8. Bxa6 Nxa6 9. h5 O-O-O 10. Nh3 Nb8 11. O-O Nc6 12. Ne2 Nh6 13. c3 Bf8 14. b4 Nf7 15. a4 Rg8 16. Qd3 a5 17. b5 Ne7 18. Ba3 g6 19. Rfc1 gxh5 20. Nhf4 Bh6 21. c4 dxc4 22. Qxc4 Nd5 23. Nxd5 exd5 24. Qc6 Qxc6 25. Rxc6 Rg6 26. e6 Nd6 27. e7 Re8 28. Bxd6 Rxd6 29. Rxd6 cxd6 30. Nc3 Rxe7 31. Nxd5 Re2 32. Nxb6+ Kc7 33. Nc4 Bg7 34. Rd1 Ra2 35. Ne3 Rxa4 36. Nxf5 Bf6 37. Rc1+ Kd7 38. Rc6 Ke6 39. Nxd6 Bxd4 40. Nc4+ Kd5 41. Nb6+ Bxb6 42. Rxb6 Rb4 43. Rh6 h4 44. Rxh7 a4 45. b6 Rxb6 46. Rxh4 Ra6 47. Rb4 a3 48. Rb1 Kc4 49. g4 Kc3 50. Kg2 a2 51. Re1 a1=Q 52. Rxa1 Rxa1 53. Kf3 Kd4 54. Kf4 Ra8 55. Kg5 Ke5 56. f4+ Ke6 57. Kh6 Kf7 0-1

[Event "December 5 Late 2023"]
[Site "https://www.chess.com"]
[Date "2023.12.05"]
[Round "5"]
[White "Wafa, Hamed"]
[Black "Pranav, V"]
[Result "0-1"]
[Board "15"]
[TimeControl "180+1"]
[WhiteFideId "10628452"]
[BlackFideId "25060783"]
[WhiteElo "2709"]
[BlackElo "3053"]
[WhiteTeam "EGY"]
[BlackTeam "IND"]
[WhiteClock "0:00:03"]
[BlackClock "0:00:05"]

1. e4 e5 2. Nf3 Nc6 3. Bb5 a6 4. Bxc6 dxc6 5. O-O Bg4 6. h3 Bxf3 7. Qxf3 Qd7 8. d3 f6 9. a4 h5 10. Na3 g5 11. Qe2 g4 12. h4 Bxa3 13. bxa3 Ne7 14. a5 c5 15. Be3 Qd6 16. Rab1 O-O-O 17. Rb3 Nc6 18. Rc3 Nd4 19. Bxd4 cxd4 20. Rb3 c6 21. g3 Qc5 22. Rfb1 Rd7 23. Qd2 Kb8 24. Rb6 Ka7 25. R1b4 Rf8 26. Rb3 f5 27. exf5 Rxf5 28. R6b4 Rdf7 29. Rb2 Ka8 30. Rb6 Qxa3 31. Qh6 Qxa5 32. R2b4 Ka7 33. Qh8 Qxb6 34. Rxb6 Kxb6 35. Qd8+ Ka7 36. Kf1 Rxf2+ 37. Ke1 Rf1+ 0-1

[Event "December 5 Late 2023"]
[Site "https://www.chess.com"]
[Date "2023.12.05"]
[Round "5"]
[White "Oparin, Grigoriy"]
[Black "Annaberdiyev, Meylis"]
[Result "1-0"]
[Board "16"]
[TimeControl "180+1"]
[WhiteFideId "24125890"]
[BlackFideId "14000563"]
[WhiteElo "3047"]
[BlackElo "2701"]
[WhiteTeam "USA"]
[BlackTeam "TKM"]
[WhiteClock "0:01:27"]
[BlackClock "0:00:00"]

1. d4 Nf6 2. c4 e6 3. Nc3 d5 4. cxd5 exd5 5. Bg5 c6 6. e3 Bd6 7. Bd3 O-O 8. Qc2 h6 9. Bh4 a5 10. Nf3 Re8 11. O-O Na6 12. a3 Nc7 13. e4 dxe4 14. Nxe4 Be7 15. Nc5 b6 16. Na4 Ncd5 17. Rfe1 Bb7 18. Ne5 Nf4 19. Bc4 N6d5 20. Bg3 Bg5 21. Nc3 c5 22. Qf5 Qf6 23. Qxf6 Nxf6 24. Bxf7+ Kf8 25. Bxe8 1-0

[Event "December 5 Late 2023"]
[Site "https://www.chess.com"]
[Date "2023.12.05"]
[Round "5"]
[White "Duda, Jan-Krzysztof"]
[Black "Wu, Derek"]
[Result "1-0"]
[Board "17"]
[TimeControl "180+1"]
[WhiteFideId "1170546"]
[BlackFideId "30914558"]
[WhiteElo "3039"]
[BlackElo "2697"]
[WhiteTeam "POL"]
[BlackTeam "USA"]
[WhiteClock "0:00:05"]
[BlackClock "0:00:00"]

1. b4 e5 2. a3 d5 3. Bb2 Bd6 4. e3 Nf6 5. c4 c6 6. Nf3 Qe7 7. c5 Bc7 8. d4 e4 9. Nfd2 Ng4 10. g3 h5 11. h3 Nxe3 12. fxe3 Bxg3+ 13. Ke2 Qf6 14. Nxe4 dxe4 15. Kd2 Bf5 16. Nc3 Nd7 17. Kc2 h4 18. Bc4 Qg6 19. Qe2 O-O 20. Raf1 Be6 21. d5 cxd5 22. Nxd5 Bxd5 23. Bxd5 Ne5 24. Bxe5 Bxe5 25. Rhg1 Bg3 26. Qc4 Rad8 27. Bxb7 Qg5 28. Rf4 a5 29. bxa5 Qe5 30. Rxe4 Qf5 31. Kb3 Rb8 32. a6 Qf2 33. Rd1 Bc7 34. Re7 Qg3 35. Rdd7 Be5 36. Rxf7 Qxe3+ 37. Ka4 Kh8 38. a7 Ra8 39. Rxf8+ Rxf8 40. a8=Q Rxa8+ 41. Bxa8 Qxh3 42. Rd8+ Kh7 43. Qe4+ Kh6 44. Rh8+ 1-0

[Event "December 5 Late 2023"]
[Site "https://www.chess.com"]
[Date "2023.12.05"]
[Round "5"]
[White "Hambleton, Aman"]
[Black "Matlakov, Maxim"]
[Result "1-0"]
[Board "18"]
[TimeControl "180+1"]
[WhiteFideId "2606577"]
[BlackFideId "4168003"]
[WhiteElo "2695"]
[BlackElo "3001"]
[WhiteTeam "CAN"]
[BlackTeam "RUS"]
[WhiteClock "0:00:04"]
[BlackClock "0:00:00"]

1. e4 c5 2. Nf3 e6 3. d3 Nc6 4. g3 d5 5. Nbd2 Nf6 6. Bg2 Be7 7. O-O O-O 8. e5 Nd7 9. Re1 b5 10. Nf1 Qc7 11. Bf4 Bb7 12. h4 Rfc8 13. h5 h6 14. N1h2 Qd8 15. Ng4 Bf8 16. Qd2 a5 17. Rad1 a4 18. c3 b4 19. c4 Ne7 20. Nh4 Bc6 21. Qe2 Ra7 22. Ne3 Nb8 23. d4 Rd7 24. dxc5 d4 25. Ng4 d3 26. Qe3 Bxg2 27. Kxg2 Kh8 28. Qe4 Rd4 29. Qf3 Rd7 30. Re3 d2 31. Re2 Nbc6 32. Rexd2 Rxd2 33. Rxd2 Qe8 34. Be3 a3 35. b3 Rd8 36. Rd6 Rxd6 37. cxd6 Nc8 38. Qe4 Qd7 39. f4 Kg8 40. Nf3 Nd8 41. Bf2 Na7 42. c5 Nac6 43. Qc4 Qb7 44. Qe4 Qa6 45. Nd4 Nxd4 46. Qxd4 Nc6 47. Qe4 Qb5 48. Ne3 Kh8 49. Nc4 Qa6 50. Nd2 Qc8 51. Nf3 Kg8 52. Nd4 Na5 53. c6 Qa6 54. c7 Qb7 55. Qxb7 1-0

[Event "December 5 Late 2023"]
[Site "https://www.chess.com"]
[Date "2023.12.05"]
[Round "5"]
[White "Deac, Bogdan-Daniel"]
[Black "Kanakaris, Georgios"]
[Result "1-0"]
[Board "19"]
[TimeControl "180+1"]
[WhiteFideId "1226380"]
[BlackFideId "4209460"]
[WhiteElo "2992"]
[BlackElo "2686"]
[WhiteTeam "ROU"]
[BlackTeam "GRE"]
[WhiteClock "0:00:16"]
[BlackClock "0:00:00"]

1. b3 e5 2. Bb2 Nc6 3. Nf3 d6 4. c4 Bg4 5. Nc3 Nf6 6. g3 Bxf3 7. exf3 Nd4 8. Bg2 Be7 9. Ne2 Nxe2 10. Qxe2 O-O 11. f4 exf4 12. Bxb7 Rb8 13. Bg2 Re8 14. O-O d5 15. Qd3 dxc4 16. Qxc4 Qxd2 17. Bc1 Qb4 18. Qxb4 Rxb4 19. Bxf4 Bd6 20. Bxd6 cxd6 21. Rfd1 Rd8 22. Rac1 a5 23. Rxd6 Rdb8 24. Ra6 a4 25. Rxa4 Rxa4 26. bxa4 g5 27. Bf1 Rb2 28. Ra1 Rb4 29. a5 Ra4 30. a6 Ne4 31. a3 Nd2 32. Bb5 Ra5 33. a4 Nb3 34. Ra3 Nc5 35. Rc3 Nxa6 36. Rc8+ Kg7 37. Ra8 1-0

[Event "December 5 Late 2023"]
[Site "https://www.chess.com"]
[Date "2023.12.05"]
[Round "5"]
[White "Terry, Renato"]
[Black "Amburgy, Ryan"]
[Result "1-0"]
[Board "20"]
[TimeControl "180+1"]
[WhiteFideId "3803457"]
[BlackFideId "30924820"]
[WhiteElo "2976"]
[BlackElo "2677"]
[WhiteTeam "PER"]
[BlackTeam "USA"]
[WhiteClock "0:00:03"]
[BlackClock "0:00:01"]

1. e4 c6 2. Nf3 d5 3. exd5 cxd5 4. Ne5 Nc6 5. Bb5 Bd7 6. Nxd7 Qxd7 7. d4 e6 8. c3 Bd6 9. O-O Nge7 10. Re1 O-O 11. Nd2 a6 12. Bd3 b5 13. a3 Ng6 14. Qh5 e5 15. Bf5 Qc7 16. Nf3 e4 17. Ng5 h6 18. Ne6 fxe6 19. Bxe6+ Kh7 20. Bxd5 Rae8 21. Bxe4 Rxe4 22. Rxe4 Na5 23. g3 Nc4 24. Rb1 Qf7 25. Qe2 Qf5 26. b3 Na5 27. Bd2 Re8 28. f3 Rf8 29. Kg2 Qd5 30. c4 bxc4 31. Bxa5 Qxa5 32. bxc4 Qxa3 33. c5 Bc7 34. Re6 Rf5 35. Rb7 Bf4 36. Rbb6 Nf8 37. Qe4 Qa2+ 38. Kh3 g6 39. Rxg6 Rh5+ 40. Kg4 Qxh2 41. Rxh6+ Kg7 42. Qe7+ Kg8 43. Rxh5 Qxg3+ 44. Kf5 Qg6+ 45. Rxg6+ 1-0

[Event "December 5 Late 2023"]
[Site "https://www.chess.com"]
[Date "2023.12.05"]
[Round "5"]
[White "Martinez Alcantara, Jose Eduardo"]
[Black "Pakleza, Zbigniew"]
[Result "1-0"]
[Board "21"]
[TimeControl "180+1"]
[WhiteFideId "3805662"]
[BlackFideId "1119290"]
[WhiteElo "2970"]
[BlackElo "2666"]
[WhiteTeam "PER"]
[BlackTeam "POL"]
[WhiteClock "0:01:18"]
[BlackClock "0:00:25"]

1. e4 d5 2. exd5 Nf6 3. d4 Nxd5 4. Nf3 Bg4 5. h3 Bh5 6. Be2 e6 7. O-O Nc6 8. c3 Be7 9. Nbd2 O-O 10. Nc4 a6 11. Nfe5 Bxe2 12. Qxe2 Nxe5 13. Nxe5 c6 14. Rd1 Qc8 15. c4 Nf6 16. b3 Nd7 17. Nf3 Re8 18. Bf4 Bf6 19. Rac1 Nf8 20. Bg3 Ng6 21. Qe4 Rd8 22. h4 h6 23. d5 Qd7 24. d6 c5 25. Rd3 Rac8 26. Rcd1 Rc6 27. h5 Nf8 28. Qe3 Qc8 29. Be5 Nd7 30. Bxf6 Nxf6 31. Ne5 Rb6 32. g4 Nd7 33. f4 Nxe5 34. fxe5 Rc6 35. g5 hxg5 36. Qxg5 1-0

[Event "December 5 Late 2023"]
[Site "https://www.chess.com"]
[Date "2023.12.05"]
[Round "5"]
[White "Thomforde-Toates, Noah"]
[Black "Drygalov, Andrey"]
[Result "0-1"]
[Board "22"]
[TimeControl "180+1"]
[WhiteFideId "30951992"]
[BlackFideId "24171735"]
[WhiteElo "2662"]
[BlackElo "2966"]
[WhiteTeam "USA"]
[BlackTeam "RUS"]
[WhiteClock "0:00:19"]
[BlackClock "0:00:36"]

1. d4 Nf6 2. Nc3 d5 3. Bf4 g6 4. e3 Bg7 5. h4 h5 6. Nf3 O-O 7. Ne5 c5 8. dxc5 Qa5 9. Qd2 Qxc5 10. O-O-O Bf5 11. Bd3 Bxd3 12. Qxd3 Nc6 13. Nxc6 bxc6 14. Be5 Ng4 15. Bxg7 Kxg7 16. Rhf1 Rab8 17. Qd4+ Qxd4 18. exd4 Rfc8 19. Na4 Rb5 20. Rde1 e6 21. f3 Nh6 22. c3 Nf5 23. Rh1 Rcb8 24. g4 hxg4 25. fxg4 Nd6 26. Rh2 Ne4 27. Re3 f5 28. gxf5 exf5 29. Rf3 Kf6 30. b3 Rh8 31. Nb2 c5 32. dxc5 Rxc5 33. c4 Rc7 34. Kd1 Rch7 35. Rf4 dxc4 36. Nxc4 Ke6 37. Kc2 g5 38. Rf1 Rxh4 39. Rxh4 Rxh4 40. Rd1 Rh2+ 41. Kc1 Rxa2 42. Rd8 g4 43. Re8+ Kf6 44. Rf8+ Ke6 45. Ne3 Rf2 46. Re8+ Kf7 47. Ra8 g3 48. Rxa7+ Kg6 49. Ra8 f4 50. Nd5 f3 51. b4 g2 52. Rg8+ Kf7 53. Rg4 Rf1+ 54. Kc2 g1=Q 55. Rxg1 Rxg1 56. b5 f2 57. Ne3 f1=Q 58. Nxf1 Rxf1 59. b6 Nd6 60. b7 Nxb7 0-1

[Event "December 5 Late 2023"]
[Site "https://www.chess.com"]
[Date "2023.12.05"]
[Round "5"]
[White "Svane, Frederik"]
[Black "Apoorv Kamble"]
[Result "1-0"]
[Board "23"]
[TimeControl "180+1"]
[WhiteFideId "12923044"]
[BlackFideId "25683012"]
[WhiteElo "2936"]
[BlackElo "2659"]
[WhiteTeam "GER"]
[BlackTeam "IND"]
[WhiteClock "0:00:39"]
[BlackClock "0:00:13"]

1. g3 Nf6 2. Nf3 d5 3. Bg2 e6 4. O-O b5 5. d3 Be7 6. c4 bxc4 7. dxc4 O-O 8. cxd5 Nxd5 9. Bd2 Bb7 10. Nc3 Nd7 11. Nxd5 exd5 12. Qc2 c5 13. Rfd1 Qb6 14. Rac1 Bf6 15. b3 Rfe8 16. e3 Rac8 17. Qf5 Qe6 18. Qxe6 fxe6 19. Bc3 Rc6 20. Bxf6 gxf6 21. Rc3 Rec8 22. Ne1 c4 23. b4 a5 24. bxa5 Ra6 25. e4 Rxa5 26. exd5 exd5 27. Bh3 Rc7 28. Bxd7 Rxd7 29. Rxc4 dxc4 30. Rxd7 Be4 31. f3 Bg6 32. Rc7 Bf7 33. Nc2 Rxa2 34. Ne3 Ra4 35. Nf5 Ra1+ 36. Kf2 Ra2+ 37. Ke3 Rxh2 38. Rc8+ Be8 39. Rxe8+ Kf7 40. Rc8 Ke6 41. Ke4 Re2+ 42. Ne3 f5+ 43. Kf4 h5 44. Rc6+ Kd7 45. Rxc4 Ke6 46. Rc6+ Kf7 47. Nxf5 Ra2 48. Rh6 Ra4+ 49. Kg5 Ra3 50. f4 Ra8 51. Rh7+ Kg8 52. Rxh5 Ra1 53. g4 Ra6 54. Rh6 Ra1 55. Rb6 Ra4 56. Kg6 Ra8 57. Rf6 Kh8 58. g5 Rb8 59. Nd6 Kg8 60. Rf7 Rb6 61. Rd7 Rb8 62. Ne4 Kf8 63. Nf6 Ra8 64. Rf7# 1-0

[Event "December 5 Late 2023"]
[Site "https://www.chess.com"]
[Date "2023.12.05"]
[Round "5"]
[White "Zavgorodniy, Sergiy"]
[Black "Svane, Rasmus"]
[Result "0-1"]
[Board "24"]
[TimeControl "180+1"]
[WhiteFideId "14110148"]
[BlackFideId "4657101"]
[WhiteElo "2658"]
[BlackElo "2935"]
[WhiteTeam "UKR"]
[BlackTeam "GER"]
[WhiteClock "0:00:05"]
[BlackClock "0:00:07"]

1. d4 d5 2. c4 e6 3. Nf3 a6 4. e3 Nf6 5. Nbd2 c5 6. dxc5 Bxc5 7. a3 O-O 8. b4 Be7 9. Bb2 b6 10. Rc1 Bb7 11. Be2 Nbd7 12. O-O a5 13. Qb3 axb4 14. axb4 dxc4 15. Bxc4 Qb8 16. Bxe6 fxe6 17. Qxe6+ Rf7 18. Ng5 Bd5 19. Qf5 g6 20. Qh3 Rf8 21. e4 Qf4 22. Ndf3 Ba2 23. e5 Nh5 24. Nxh7 Kxh7 25. Qxd7 Qf7 26. Rc7 Rfe8 27. Qh3 Kg8 28. g4 Nf4 29. Qh6 Ne6 30. Rd7 Qxf3 31. Qxg6+ Ng7 32. e6 Qf8 33. Re1 Rad8 34. Re5 Bxe6 35. Rh5 Qf7 36. Qh7+ Kf8 37. Rxd8 Rxd8 38. Qh8+ Qg8 39. Bxg7+ Kf7 40. Qxg8+ Rxg8 41. Be5 Rxg4+ 42. Kf1 Bc4+ 43. Ke1 Bxb4+ 44. Kd1 Re4 45. Bg3 Bd3 46. Rf5+ Ke6 47. Rf3 Re1# 0-1